 Dungeon Crawl Stone Soup version 0.27.1-33-g824d729ab1 (webtiles) character file.

Game seed: 9535975864503507834

235 zeram the Sneak (level 5, -7/25 HPs)
             Began as a Spriggan Brigand on Dec 21, 2021.
             Splashed by a jelly's acid (10 damage)
             ... on level 4 of the Dungeon.
             The game lasted 00:04:36 (3921 turns).

zeram the Sneak (Spriggan Brigand)                  Turns: 3921, Time: 00:04:39

Health: -7/25      AC: -5    Str:  7    XL:     5   Next: 76%
Magic:  6/6        EV: 19    Int: 13    God:
Gold:   106        SH:  0    Dex: 17    Spells: 4/4 levels left

rFire    . . .     SeeInvis +   a - +3 dagger
rCold    . . .     Faith    .   (shield restricted)
rNeg     . . .     Spirit   .   b - +0 robe
rPois    .         Reflect  .   (helmet restricted)
rElec    .         Harm     .   c - +0 cloak
rCorr    .         Rampage  .   (gloves unavailable)
Will     .....                  (boots unavailable)
Stlth    +++.......             (no amulet)
HPRegen  0.08/turn              (no ring)
MPRegen  0.10/turn              (no ring)

@: corroded, very quick
A: very small, no large weapons, unfitting armour, see invisible, speed 3
a: no special abilities


You were on level 4 of the Dungeon.
You visited 1 branch of the dungeon, and saw 4 of its levels.

You collected 106 gold pieces.

Inventory:

Hand Weapons
 a - a +3 dagger (weapon)
Missiles
 d - 39 poisoned darts (quivered)
 e - 2 curare-tipped darts
Armour
 b - a +0 robe (worn)
 c - a +0 cloak (worn)
Jewellery
 k - a ring of fire
Wands
 m - a wand of flame (20)
Scrolls
 f - a scroll of teleportation
 h - 3 scrolls of amnesia
 i - a scroll of blinking
Potions
 g - 2 potions of brilliance
 j - a potion of attraction
 l - 2 potions of curing


   Skills:
 - Level 1.5 Fighting
 + Level 5.2 Short Blades
 - Level 2.0 Throwing
 + Level 5.0 Dodging
 - Level 5.8 Stealth


You had 4 spell levels left.
You didn't know any spells.
Your spell library contained the following spells:

 Spells                   Type           Power      Damage    Failure   Level
 Petrify                  Tmut/Erth      0%         N/A       97%         4
 Metabolic Englaciation   Hex/Ice        0%         N/A       100%        5
 Statue Form              Tmut/Erth      0%         N/A       100%        6


Dungeon Overview and Level Annotations

Branches:
Dungeon (4/15)
 Temple: D:4-7

Altars:

Shops:
D:2 *

Annotations:
D:3 Grinder


Innate Abilities, Weirdness & Mutations

You are very small and have problems with some larger weapons.
You are too small for most types of armour.
You have supernaturally acute eyesight. (SInv)
You cover ground extremely quickly. (Speed+++)


Message History

No target in view!
No target in view!
No target in view!
No target in view!
No target in view!
No target in view!
No target in view!
No target in view!
No target in view!
No target in view!
No target in view!
No target in view!
No target in view!
No target in view!
No target in view!
No target in view!
No target in view!
No target in view!
No target in view!
No target in view!
Unknown command.
A jelly comes into view.
A jelly is nearby!
A jelly is nearby!
The jelly barely misses you.
You hit the jelly.
Your hands burn!
The jelly is lightly wounded.
You hit the jelly. The acid corrodes you!
Your hands burn!
The jelly is moderately wounded.
The jelly completely misses you.
You hit the jelly but do no damage.
Your hands burn!
The jelly is moderately wounded.
The jelly completely misses you.
You hit the jelly. The acid corrodes you!
Your hands burn!
* * * LOW HITPOINT WARNING * * *
The jelly is moderately wounded.
The jelly hits you.
* * * LOW HITPOINT WARNING * * *
You are splashed with acid!
You die...

#.. #..
###.. #..
#.... ###
#.# #.#.#
##... #.#
#.#.# ....
#.# #.#.#
...#.#
#.#)#
#.#J###.#.#
#...@.†.<.#
###.....###
#..####
..####..#
........#
#######.#
#.# ..#
#..#


You could see a jelly.

Vanquished Creatures
  2 hounds
  Natasha (D:1)
  6 adders
  2 adder zombies (D:4)
  An adder skeleton (D:4)
  2 worms
  3 dart slugs
  5 ball pythons
  2 endoplasms
  5 giant cockroaches
  7 goblins
  4 hobgoblins
  5 jackals (D:1)
  7 quokkas
  9 bats
  A frilled lizard (D:3)
  7 kobolds
  5 rats
74 creatures vanquished.

Notes
Turn   | Place    | Note
-------+----------+-------------------------------------------
     0 | D:1      | zeram the Spriggan Brigand began the quest for the Orb.
     0 | D:1      | Reached XP level 1. HP: 10/10 MP: 2/2
   263 | D:1      | Found a faded altar of an unknown god.
   270 | D:1      | Reached XP level 2. HP: 14/14 MP: 3/3
   823 | D:1      | Reached XP level 3. HP: 12/18 MP: 4/4
  1359 | D:2      | Noticed Natasha
  1359 | D:2      | Found Wuewat's Assorted Antiques.
  1374 | D:1      | Killed Natasha
  1556 | D:2      | Reached XP level 4. HP: 18/22 MP: 5/5
  2954 | D:3      | Reached XP level 5. HP: 25/25 MP: 6/6
  3450 | D:4      | Noticed Grinder
  3465 | D:4      | Paralysed by Grinder for 6 turns
  3711 | D:4      | Reached skill level 5 in Short Blades
  3858 | D:4      | Reached skill level 5 in Dodging
  3921 | D:4      | Splashed by a jelly's acid

Illustrated notes

Levels and vault maps discovered:
D:1:      psy_arrival_basics, layout_loops_cross,
          chequers_ecumenical_altar_simple,
          hangedman_abyss_or_decor_lesser_grid, minmay_tetromino_o2
D:2:      layout_rooms, serial_shops, shop, uniq_natasha
D:3:      layout_basic
D:4:      layout_loops_ring, minmay_temple_entry_statues, serial_undead,
          serial_undead_e, serial_undead_c, serial_undead_a, serial_undead_a,
          serial_undead_a, uniq_grinder

Skill      XL: |  1  2  3  4  5 |
---------------+----------------+-----
Dodging        | 2 3 4 5 |  5.0
Short Blades   | 3 4 5 |  5.2
Fighting       | |  1.5
Throwing       | |  2.0
Stealth        | |  5.8

Action                   |  1- 3 |  4- 6 || total
-------------------------+-------+-------++-------
Melee: Dagger            |   160 |   201 ||   361
Throw: Dart              |       |     5 ||     5
  Use: Scroll            |     2 |     6 ||     8
 Stab: Sleeping          |     7 |     5 ||    12
       Distracted        |       |     2 ||     2
Armor: Robe              |    31 |    22 ||    53
Dodge: Dodged            |   139 |   147 ||   286
